 Dungeon Crawl Stone Soup version 0.27.0-1-g7a089689b8 (webtiles) character file.

Game seed: 5398197602414636030

60 drn the Cudgeller (level 3, 0/36 HPs)
             Began as a Troll Berserker on Aug 11, 2021.
             Was a Believer of Trog.
             Slain by Grinder (6 damage)
             ... on level 3 of the Dungeon.
             The game lasted 00:12:23 (2251 turns).

drn the Cudgeller (Troll Berserker)                 Turns: 2251, Time: 00:12:23

Health: 0/36       AC:  4    Str: 26    XL:     3   Next: 82%
Magic:  2/2        EV: 10    Int:  3    God:    Trog [**....]
Gold:   124        SH:  0    Dex:  9    Spells: 2/2 levels left

rFire    . . .     SeeInvis .   a - +0 mace
rCold    . . .     Faith    .   (no shield)
rNeg     . . .     Spirit   .   b - +0 animal skin
rPois    .         Reflect  .   (helmet restricted)
rElec    .         Harm     .   (no cloak)
rCorr    .         Rampage  .   (gloves unavailable)
Will     .....                  (boots unavailable)
Stlth    +.........             (no amulet)
HPRegen  1.12/turn              (no ring)
MPRegen  0.08/turn              (no ring)

@: no status effects
A: large, unfitting armour, claws 3, regeneration 1, shaggy fur 1, tough skin 1
a: Renounce Religion, Berserk, Trog's Hand


You were on level 3 of the Dungeon.
You worshipped Trog.
Trog was pleased with you.
You visited 1 branch of the dungeon, and saw 3 of its levels.

You collected 149 gold pieces.
You spent 25 gold pieces at shops.

Inventory:

Hand Weapons
 a - a +0 mace (weapon)
 d - a +0 dagger of speed
Armour
 b - a +0 animal skin (worn)
Scrolls
 c - 3 scrolls of identify {unknown}
 e - a scroll of holy word {unknown}
 g - a scroll of amnesia {unknown}
 h - a scroll of brand weapon {unknown}
 k - a scroll of fog {unknown}
 l - a scroll of teleportation {unknown}
Potions
 f - a potion of brilliance {unknown}
 i - a potion of curing {unknown}
 j - a potion of ambrosia {unknown}
 m - a potion of degeneration {unknown}


   Skills:
 + Level 2.5 Fighting
 + Level 3.7 Maces & Flails
 + Level 3.0 Dodging
 + Level 0.2 Stealth


You had 2 spell levels left.
You didn't know any spells.
Your spell library was empty.

Dungeon Overview and Level Annotations

Branches:
Dungeon (3/15)

Altars:
Elyvilon

Shops:
D:1 *

Annotations:
D:3 Grinder


Innate Abilities, Weirdness & Mutations

You are too large for most types of armour.
You have claws for hands.
Your natural rate of healing is unusually fast.
You are covered in fur. (AC +1)
You have tough skin. (AC +1)


Message History

You writhe in agony.
The rat bites you.
You sock the rat!
You kill the rat!
Trog accepts your kill.
Grinder blinks!
You sock the endoplasm!
You kill the endoplasm!
Trog accepts your kill.
You see here a +6 ring of dexterity.
You closely miss the quokka. The quokka bites you.
You hit the quokka.
The quokka is moderately wounded.
The quokka barely misses you. Grinder hits you!
You writhe in agony.
You barely miss the quokka.
The quokka is moderately wounded.
The quokka bites you but does no damage.
Grinder blinks!
The quokka barely misses you.
You closely miss the quokka.
The quokka is moderately wounded.
The quokka barely misses you.
You closely miss the quokka.
The quokka is moderately wounded.
The quokka bites you but does no damage.
The quokka bites you.
You barely miss the quokka.
The quokka is moderately wounded.
The quokka bites you.
You hit the quokka.
You kill the quokka!
Trog accepts your kill.
You hit Grinder but do no damage. Grinder hits you!
You writhe in agony.
You thump Grinder!
Grinder is moderately wounded.
Grinder closely misses you.
You closely miss Grinder.
Grinder is moderately wounded.
Grinder hits you!
* * * LOW HITPOINT WARNING * * *
You writhe in agony.
You die...

♣..P...........
#...♣♣P.♣...........
#.........#######...
#####.....♣♣♣♣♣♣.......>
.........♣♣PP♣.♣♣.......
.........♣.P.P.P♣.......
.........♣♣.P..♣♣♣###...
........<.♣P..P.P♣♣.....
......5@..♣♣.♣.P....####
............♣♣♣PP♣♣##
.............♣♣♣♣♣
.....######### #####


You could see Grinder.

Vanquished Creatures
  2 worms (D:2)
  A dart slug (D:2)
  6 ball pythons
  3 bats
  An endoplasm (D:3)
  3 giant cockroaches (D:2)
  2 goblins
  9 hobgoblins
  5 quokkas
  4 frilled lizards (D:1)
  6 kobolds
  9 rats
51 creatures vanquished.

Vanquished Creatures (others)
  A plant (D:3)
1 creature vanquished.

Grand Total: 52 creatures vanquished

Notes
Turn   | Place    | Note
-------+----------+-------------------------------------------
     0 | D:1      | drn the Troll Berserker began the quest for the Orb.
     0 | D:1      | Reached XP level 1. HP: 22/22 MP: 0/0
   110 | D:1      | Reached XP level 2. HP: 24/29 MP: 1/1
   449 | D:1      | Reached ** piety under Trog
   458 | D:1      | Found a faded altar of an unknown god.
   707 | D:1      | Reached XP level 3. HP: 36/36 MP: 2/2
   907 | D:1      | Found Mamino's Assorted Antiques.
  1073 | D:1      | Bought a scroll labelled CYLISUE PANIU for 25 gold pieces
  2107 | D:3      | Found a white marble altar of Elyvilon.
  2234 | D:3      | Noticed Grinder
  2251 | D:3      | Slain by Grinder

Illustrated notes

Levels and vault maps discovered:
D:1:      nzn_arrival_settlement, layout_loops_ring, serial_shops, shop,
          dreamdust_ecumenical_altar_hidden_monk_grotto
D:2:      layout_loops_corners, serial_forest, infiniplex_forest_corner_1,
          infiniplex_forest_corner_1, infiniplex_forest_corner_1,
          infiniplex_forest_corner_2, infiniplex_forest_clump_curved
D:3:      minmay_wonky_spiral, layout_basic, mainiacjoe_overflow_brackets,
          serial_forest, infiniplex_forest_diagonal,
          infiniplex_forest_lined_room_3, infiniplex_forest_end_3,
          infiniplex_forest_corner_1, infiniplex_forest_lined_1,
          infiniplex_forest_corner_1, infiniplex_forest_clump_curved,
          uniq_grinder

Skill      XL: |  1  2  3 |
---------------+----------+-----
Maces & Flails | 3 |  3.7
Dodging        | 3 |  3.0
Fighting       | |  2.5
Stealth        | |  0.2

Action                   || total
-------------------------++-------
Melee: Mace              ||   139
 Stab: Sleeping          ||     2
Armor: Animal skin       ||    63
Dodge: Dodged            ||    85
